 Seeded DCSS version 0.30.1-9-gdf580d7c3d (webtiles) character file.

Game seed: 9106806156630997546 (custom seed)

1758 Psyclone the Frost Mage (level 8, -2/53 HPs)
             Began as a Deep Elf Ice Elementalist on Sept 26, 2023.
             Slain by a gnoll sergeant
             ... wielding a +5 trident
              (7 damage)
             ... on level 5 of the Dungeon.
             The game lasted 00:18:46 (4476 turns).

Psyclone the Frost Mage (Deep Elf Ice Elementalist) Turns: 4476, Time: 00:18:47

Health: -2/53      AC: 13    Str:  5    XL:     8   Next: 79%
Magic:  17/22      EV: 20    Int: 23    God:
Gold:   263        SH:  0    Dex: 15    Spells: 16/23 levels left

rFire   . . .        g - +9 mace of World Downfall {flame, Will+ SInv}
rCold   . . .        (no shield)
rNeg    . . .        a - +0 robe
rPois   +            (no helmet)
rElec   .            (no cloak)
rCorr   .            s - +0 pair of gloves
SInv    +            x - +0 pair of boots
Will    +....        (no amulet)
Stlth   ++           e - ring of poison resistance
HPRegen 0.28/turn    r - +5 ring of evasion
MPRegen 0.18/turn

%: no passive effects
@: brilliant, ice-armoured, freezing walls
A: no striking features
a: no special abilities


You were on level 5 of the Dungeon.
You visited 1 branch of the dungeon, and saw 5 of its levels.
You also visited: Sewer.

You collected 263 gold pieces.

Inventory:

Hand Weapons
 g - the +9 mace of World Downfall (weapon) {flame, Will+ SInv}
   (You took it off a goblin on level 4 of the Dungeon)

   SInv:      It lets you see invisible.
   Will:      It increases your willpower.
Armour
 a - a +0 robe (worn)
 s - a +0 pair of gloves (worn)
 x - a +0 pair of boots (worn)
Jewellery
 e - a ring of poison resistance (left hand)
 q - a ring of flight
 r - a +5 ring of evasion (right hand)
Scrolls
 c - a scroll of teleportation {unknown}
 d - a scroll of blinking {unknown}
 k - a scroll of noise {unknown}
 o - 3 scrolls of poison {unknown}
 p - 2 scrolls of enchant armour {unknown}
 t - a scroll of vulnerability {unknown}
 u - a scroll of fog {unknown}
 v - a scroll of brand weapon {unknown}
 w - 2 scrolls of identify {unknown}
 y - a scroll of fear {unknown}
 B - a scroll of enchant weapon {unknown}
Potions
 b - 2 potions of magic
 f - a potion of lignification {unknown}
 h - 4 potions of brilliance
 i - 5 potions of curing {unknown}
 j - a potion of berserk rage {unknown}
 l - 2 potions of attraction {unknown}
 m - 2 potions of might {unknown}
 n - a potion of haste {unknown}


   Skills:
 - Level 7.0 Fighting
 - Level 7.6 Dodging
 - Level 2.4 Stealth
 - Level 8.4 Spellcasting
 + Level 10.7 Ice Magic


You had 16 spell levels left.
You knew the following spells:

 Your Spells              Type           Power      Damage    Failure   Level
a - Freeze                Ice            100%       1d10      1%          1
b - Frozen Ramparts       Ice            100%       1d16      1%          3
c - Ozocubu's Armour      Ice            73%        N/A       1%          3

Your spell library contained the following spells:

 Spells                   Type           Power      Damage    Failure   Level
 Summon Ice Beast         Ice/Summ       51%        N/A       8%          4
 Scorch                   Fire           28%        2d6       10%         2
 Flame Wave               Conj/Fire      14%        2d6       54%         4
 Summon Cactus Giant      Summ           7%         N/A       100%        6


Dungeon Overview and Level Annotations

Branches:
Dungeon (5/15) Zot: 26391   Sewer (visited)
 Temple: D:4-7

Altars:
Qazlal

Shops:
D:1 =   D:4 [

Annotations:
D:2 1 runed translucent door, Crazy Yiuf
D:4 1 runed translucent door, ChiefBigBeans's ghost, weakling BaHs


Message History

A gnoll sergeant and a gnoll come into view.
Sorry, you're not good enough to have a special ability.
As you open the door, it creaks loudly!
There is an open door here.
There is an open door here.
Things that are here:
a +4 spear; a gnoll corpse
Casting: Frozen Ramparts (safe; 1% risk of failure)
Confirm with . or Enter, or press ? or * to list all spells.
Casting: Frozen Ramparts (safe; 1% risk of failure)
Press: ? - help, Dir - look around, f - activate The walls around you are covered in ice.
The wall freezes the gnoll sergeant.
You now have 19/22 mp.
The wall freezes the gnoll sergeant but does no damage.
The gnoll sergeant hits you from afar with a +5 trident!
You take 11 damage, and have 42/53 hp.
MASSIVE DAMAGE!!
The wall freezes the gnoll sergeant.
The gnoll sergeant barely misses you.
The wall freezes the gnoll sergeant but does no damage.
The gnoll sergeant hits you from afar with a +5 trident!
You take 13 damage, and have 29/53 hp.
MASSIVE DAMAGE!!
A gnoll comes into view. It is wielding a +0 flail.
The wall freezes the gnoll sergeant.
The gnoll sergeant closely misses you.
The wall freezes the gnoll sergeant but does no damage.
The gnoll sergeant hits you from afar with a +5 trident!
* * * LOW HITPOINT WARNING * * *
You take 15 damage, and have 15/53 hp.
MASSIVE DAMAGE!!
Casting: Frozen Ramparts (safe; 1% risk of failure)
Confirm with . or Enter, or press ? or * to list all spells.
A film of ice covers your body!
The gnoll shouts!
You hear a shout!
The wall freezes the gnoll sergeant.
The gnoll sergeant hits you from afar with a +5 trident!
* * * LOW HITPOINT WARNING * * *
You take 11 damage, and have 4/53 hp.
MASSIVE DAMAGE!!
You now have 17/22 mp.
It was a potion of brilliance.
You feel clever all of a sudden.
The wall freezes the gnoll sergeant.
The gnoll sergeant hits you from afar with a +5 trident!
You die...

#.# ## #....## #.# .
# # #. .... #.#.#.###
.#.....#####.#......
... ..#...<.....#
#....#####.######
#####.#.#.....[......
........#.##..#######
#@#.....# #.##.####
#.#+ #+#g......# ...
#....####.# ...
##.g......# ..
#..>##.#.# #'
#.#.##.#.#
#.######)#.##.#.#
#....g.....##.#.###


You could see a gnoll sergeant and a gnoll.

Vanquished Creatures
  Sigmund (D:3)
  An ogre (D:4)
  4 kobold brigands (Sewer)
  A scorpion (D:4)
  A howler monkey (D:4)
  Jessica (D:2)
  Natasha (twice) (D:3)
  Robin (D:2)
  5 adders
  A gnoll (D:5)
  5 river rats
  A worm (D:2)
  2 dart slugs
  An orc (D:4)
  9 ball pythons
  5 bats
  5 endoplasms
  4 giant cockroaches
  22 goblins
  2 hobgoblins
  5 jackals
  A quokka (D:4)
  5 frilled lizards
  10 kobolds
  7 rats
102 creatures vanquished.

Notes
Turn   | Place    | Note
-------+----------+-------------------------------------------
     0 | D:1      | Psyclone the Deep Elf Ice Elementalist began the quest for
                  | the Orb.
     0 | D:1      | Reached XP level 1. HP: 10/10 MP: 6/6
   309 | D:1      | Found Cetaas's Jewellery Emporium.
   344 | D:1      | Reached XP level 2. HP: 15/15 MP: 5/8
   451 | D:1      | Reached skill level 5 in Ice Magic
   667 | D:2      | Found a stormy altar of Qazlal.
   868 | D:2      | Noticed Jessica
   877 | D:2      | Killed Jessica
   878 | D:2      | Reached XP level 3. HP: 19/19 MP: 5/9
  1034 | D:2      | Learned a level 3 spell: Frozen Ramparts
  1039 | D:2      | Learned a level 3 spell: Ozocubu's Armour
  1195 | D:2      | Found a runed translucent door.
  1196 | D:2      | Noticed Crazy Yiuf
  1226 | D:2      | Reached skill level 6 in Ice Magic
  1246 | D:2      | Noticed Robin
  1249 | D:2      | Killed Robin
  1250 | D:2      | Reached XP level 4. HP: 24/24 MP: 2/10
  1527 | D:3      | Noticed Natasha
  1532 | D:3      | Killed Natasha
  1859 | D:3      | Noticed Sigmund
  1966 | D:3      | Killed Sigmund
  1967 | D:3      | Reached skill level 8 in Ice Magic
  1967 | D:3      | Reached XP level 5. HP: 28/28 MP: 2/11
  1967 | D:3      | Reached XP level 6. HP: 32/32 MP: 2/12
  2154 | D:3      | Noticed Natasha
  2158 | D:3      | Killed Natasha
  2556 | D:4      | Found a runed translucent door.
  2560 | D:4      | Noticed ChiefBigBeans's ghost (weakling BaHs)
  2662 | D:4      | Found Haiphupu's Antique Armour Emporium.
  3082 | D:4      | Identified the +9 mace of World Downfall {flame, Will+
                  | SInv}
  3086 | D:4      | Reached skill level 9 in Ice Magic
  3086 | D:4      | Reached XP level 7. HP: 36/36 MP: 3/13
  3299 | D:5      | Entered Level 5 of the Dungeon
  3330 | D:5      | Found a glowing drain.
  3372 | Sewer    | Entered a sewer
  3794 | Sewer    | Reached skill level 10 in Ice Magic
  4327 | D:5      | Reached XP level 8. HP: 53/53 MP: 14/22
  4476 | D:5      | Slain by a gnoll sergeant

Illustrated notes

Levels and vault maps discovered:
D:1:      onia_arrival_mini_spirals, layout_loops_ring, serial_shops, shop
D:2:      layout_rooms, basic_altar, reono_crystal_passage, minmay_tetromino_l2,
          uniq_robin, uniq_jessica, uniq_crazy_yiuf_cottage
D:3:      layout_loops_ring, uniq_sigmund, uniq_natasha
D:4:      layout_rooms, ebering_ghost_sewer_d, nicolae_take_the_stairs,
          grunt_ministairs_6, ebering_dispersal_statue_hall,
          minmay_ogre_servants
D:5:      nicolae_cairo_tiling_large, layout_basic, slow_altar_2,
          minmay_temple_entry_junction_2, portal_sewer_entry_b

Skill      XL: |  1  2  3  4  5  6  7 |
---------------+----------------------+-----
Ice Magic      | 5 6 8 9 10 | 10.7
Fighting       | 7 |  7.0
Dodging        | 7 |  7.6
Spellcasting   | 8 |  8.4
Stealth        | |  2.4

Action                     |  1- 3 |  4- 6 |  7- 9 || total
---------------------------+-------+-------+-------++-------
  Melee: Unarmed           |     1 |       |       ||     1
         Falchion          |    12 |    21 |     1 ||    34
         Mace              |       |       |    49 ||    49
         Punch             |       |       |     1 ||     1
   Cast: Freeze            |    29 |     5 |       ||    34
         Frozen Ramparts   |     2 |    25 |    23 ||    50
         Ozocubu's Armour  |     1 |     2 |     1 ||     4
    Use: Potion            |       |       |     3 ||     3
   Stab: Sleeping          |       |     2 |       ||     2
 Armour: Robe              |    11 |     6 |     3 ||    20
  Dodge: Dodged            |    25 |    31 |    38 ||    94
